 Dungeon Crawl Stone Soup version 0.26-a0-450-ge645bd1 (webtiles) character file.

Game seed: 17800480352589412327

83 Balder the Chopper (level 4, -1/40 HPs)
             Began as a Hill Orc Fighter on July 28, 2020.
             Killed by nerve-wracking pain
             ... invoked by Grinder
              (8 damage)
             ... on level 3 of the Dungeon.
             The game lasted 00:06:56 (1389 turns).

Balder the Chopper (Hill Orc Fighter)               Turns: 1389, Time: 00:06:56

Health: -1/40      AC: 10    Str: 18    XL:     4   Next: 44%
Magic:  4/4        EV:  5    Int:  8    God:
Gold:   33         SH:  9    Dex: 11    Spells: 3/3 levels left

rFire    . . .     SeeInvis .   a - +0 war axe
rCold    . . .     Faith    .   c - +0 kite shield
rNeg     . . .     Spirit   .   k - +0 chain mail
rPois    .         Reflect  .   (no helmet)
rElec    .         Harm     .   i - +0 cloak
rCorr    .                      (no gloves)
MR       .....                  (no boots)
Stlth    ..........             (no amulet)
HPRegen  0.13/turn              (no ring)
MPRegen  0.09/turn              (no ring)

@: mighty
A: no striking features
a: no special abilities


You were on level 3 of the Dungeon.
You visited 1 branch of the dungeon, and saw 3 of its levels.

You collected 33 gold pieces.

Inventory:

Hand Weapons
 a - a +0 war axe (weapon)
 j - a +0 mace
Missiles
 b - 32 bolts
Armour
 c - a +0 kite shield (worn)
 i - a +0 cloak (worn)
 k - a +0 chain mail (worn)
Potions
 f - a potion of resistance {unknown}
 g - a potion of curing
 h - a potion of berserk rage {unknown}
 l - a potion of brilliance {unknown}
 m - a potion of flight {unknown}


   Skills:
 * Level 4.0 Fighting
 * Level 4.1 Axes
 * Level 0.9 Throwing
 * Level 3.6 Armour
 * Level 0.6 Dodging
 + Level 0.2 Stealth
 * Level 3.8 Shields


You had 3 spell levels left.
You didn't know any spells.
Your spell library was empty.

Dungeon Overview and Level Annotations

Branches:
Dungeon (3/15)

Altars:

Annotations:
D:3 Grinder


Message History

* * * LOW HITPOINT WARNING * * *
Grinder blinks!
You feel better.
You hear a zap.
You hear a grinding noise.
Grinder blinks!
Grinder gestures at you. You resist with significant effort.
You hear a zap.
You hear a grinding noise.
You feel very mighty all of a sudden. Grinder gestures at you.
You barely resist. You closely miss Grinder.
Grinder is almost dead.
Grinder gestures at you. Pain shoots through your body!
* * * LOW HITPOINT WARNING * * *
Grinder blinks!
Grinder gestures at you. Pain shoots through your body!
You die...

##.....#####
........... .?......
#....5. ### #†...#
######.. #...#
#....... #..# #
#....... ###.§###.##
#....... #5..@.....#
#....... #........#.#
#..).... #.........#
#....... ##........#
#....... #.......†#
#.......
#........#####.......
#........†...........
#........#######.####
#........# #.....


You could see Grinder.

Vanquished Creatures
  Natasha (D:2)
  An adder (D:3)
  An ooze (D:3)
  2 worms
  A leopard gecko (D:1)
  An orc (D:3)
  A ball python (D:1)
  4 bats
  A giant cockroach (D:3)
  4 goblins
  2 hobgoblins
  7 jackals
  A quokka (D:2)
  A frilled lizard (D:2)
  4 kobolds
  3 rats
35 creatures vanquished.

Notes
Turn   | Place    | Note
-------+----------+-------------------------------------------
     0 | D:1      | Balder the Hill Orc Fighter began the quest for the Orb.
     0 | D:1      | Reached XP level 1. HP: 19/19 MP: 1/1
   160 | D:1      | Reached XP level 2. HP: 22/27 MP: 2/2
   711 | D:2      | Reached XP level 3. HP: 28/33 MP: 3/3
   891 | D:2      | Noticed Natasha
   901 | D:2      | Killed Natasha
  1107 | D:2      | Reached XP level 4. HP: 40/40 MP: 4/4
  1350 | D:3      | Noticed Grinder
  1389 | D:3      | Killed from afar by Grinder

Illustrated notes

Levels and vault maps discovered:
D:1:      dpeg_arrival_pond, layout_rooms, minmay_misc_feat_four_crosses
D:2:      layout_rooms, uniq_natasha
D:3:      layout_basic, cheibriados_altar_1, uniq_grinder

Skill      XL: |  1  2  3  4 |
---------------+-------------+-----
Axes           | 3 4 |  4.1
Fighting       | 4 |  4.0
Throwing       | |  0.9
Armour         | |  3.6
Dodging        | |  0.6
Stealth        | |  0.2
Shields        | |  3.8

Action                   |  1- 3 |  4- 6 || total
-------------------------+-------+-------++-------
Melee: War axe           |   100 |    35 ||   135
  Use: Potion            |       |     3 ||     3
       Scroll            |       |     1 ||     1
Armor: Scale mail        |    26 |       ||    26
       Chain mail        |    36 |    11 ||    47
Dodge: Dodged            |    35 |     1 ||    36
Block: Kite shield       |    61 |    15 ||    76

Table legend: (Time is in decaauts)
 A = Elapsed time spent in this place.
 B = Non-inter-level travel time spent in this place.
 C = Inter-level travel time spent in this place.
 D = Time resting spent in this place.
 E = Time spent auto-exploring this place.
 F = Levels seen in this place.
 G = Mean time per level.
                   A        B        C        D        E       F      G
               +--------+--------+--------+--------+--------+-----+--------+
         Total |   1443 |   1416 |     27 |     83 |    663 |   3 |  481.0 |
       Dungeon |   1443 |   1416 |     27 |     83 |    663 |   3 |  481.0 |
               +--------+--------+--------+--------+--------+-----+--------+

Top non-repeatable levels by time:
     D:1: 654 daAuts
     D:2: 624 daAuts
     D:3: 164 daAuts
